 Dungeon Crawl Stone Soup version 0.18-a0-1157-g59db91b (webtiles) character file.

326 Borgoz the Skirmisher (level 6, -3/61 HPs)
             Began as a Ghoul Abyssal Knight on Jan 23, 2016.
             Was a Believer of Lugonu.
             Slain by st0uf's ghost (6 damage)
             ... on level 3 of the Dungeon.
             The game lasted 00:05:16 (1923 turns).

Borgoz the Skirmisher (Ghoul Abyssal Knight)        Turns: 1923, Time: 00:05:16

Health: -3/61      AC: 15    Str: 16    XL:     6   Next: 49%
Magic:  6/6        EV:  6    Int:  7    God:    Lugonu [**....]
Gold:   72         SH:  0    Dex: 10    Spells: 0 memorised, 5 levels left

rFire  . . .     SeeInvis .     a - +1 hand axe
rCold  + . .     Gourm    .     g - +0 plate armour
rNeg   + + +     Faith    .     (no shield)
rPois  ∞         Spirit   .     (no helmet)
rElec  .         Dismiss  .     u - +0 cloak
rCorr  .         Reflect  .     (no gloves)
SustAt .         Harm     .     b - +0 pair of boots (curse)
MR     .....                    (no amulet)
Stlth  ..........               (no ring)
                                (no ring)

@: rotting, not resistant to hostile enchantments, extremely unstealthy
A: rotting body, claws 1, carnivore 3, cold resistance 1, negative energy
resistance 3, slow regeneration 1, torment resistance, unbreathing
a: Depart the Abyss, Bend Space, Renounce Religion


You were on level 3 of the Dungeon.
You worshipped Lugonu.
Lugonu was pleased with you.
You were not hungry.

You visited 1 branch of the dungeon, and saw 4 of its levels.
You visited the Abyss 1 time.

You collected 72 gold pieces.

Inventory:

Hand Weapons
 a - a +1 hand axe (weapon)
Armour
 b - a cursed +0 pair of boots (worn)
 g - a +0 plate armour (worn)
 u - a +0 cloak (worn)
Scrolls
 d - 6 scrolls of identify {unknown}
 f - 2 scrolls of amnesia {unknown}
 h - a scroll of fog {unknown}
 m - a scroll of recharging {unknown}
 o - 2 scrolls of teleportation {unknown}
 r - a scroll of blinking {unknown}
Potions
 e - a potion of curing
 n - a potion of heal wounds {unknown}
 p - a potion of ambrosia {unknown}
 q - a potion of poison
 s - a potion of invisibility {unknown}
 v - a potion of magic
Books
 w - a book of Hinderance

   Spells                             Type                      Level
   a - Confusing Touch                Hexes                        2
   b - Confuse                        Hexes                        3
   c - Gell's Gravitas                Hexes/Translocation          3
   d - Petrify                        Transmutation/Earth          4
   e - Metabolic Englaciation         Hexes/Ice                    5
   f - Yara's Violent Unravelling     Hexes/Transmutation          5
Comestibles
 c - 2 meat rations
 t - a royal jelly


   Skills:
 + Level 7.6 Fighting
 + Level 6.1 Axes
 + Level 6.2 Armour
 + Level 6.1 Dodging
 - Level 2.0 Invocations


You had 5 spell levels left.
You didn't know any spells.

Dungeon Overview and Level Annotations

Branches:
Dungeon (4/15)
 Temple: D:4-7

Altars:
Okawaru
Vehumet

Annotations:
D:3 st0uf's ghost, amateur TeFi
D:4 Azzok's ghost, amateur DEFE


Innate Abilities, Weirdness & Mutations

Your body is rotting away.
You thrive on raw meat.
You are immune to poison.
You have sharp fingernails.
You are carnivorous and can eat meat at any time.
Your flesh is cold resistant.
You are immune to negative energy.
You regenerate slowly when monsters are visible.
You are immune to unholy pain and torment.
You can survive without breathing.


Message History

You have reached level 6!
Your experience leads to an increase in your attributes!
Your base attributes are Str 16, Int 7, Dex 9.
Increase (S)trength, (I)ntelligence, or (D)exterity?
You feel agile. St0uf's ghost hits you!
* * * LOW HITPOINT WARNING * * *
Read which item? (? for menu, Esc to quit)
Okay, then.
Drink which item? (? for menu, Esc to quit)
It was a potion of cancellation.
Your magical effects are unravelling.
You feel magically purged.
You feel a little less agile now.
Your resistance to elements expires.
St0uf's ghost wails, "You will join me soon!"
St0uf's ghost barely misses you.
You hit st0uf's ghost but do no damage.
St0uf's ghost is heavily damaged.
St0uf's ghost hits you.
You die...

.. #.## #######
#.#####... ####...#..
...##.##
#....#.#.##########.##...
#.#....#.#.............#.
#.#<..##.#.########.##.#.
#........#.########.##.##
#.#....#W................
#......#@################
#.#....#.# #.#....#.#
#.####.#.#
#........<#.#.#
#.#.........#.#
#.......###[#
#...W.......# #.#.....###


You could see st0uf's ghost.

Vanquished Creatures
  2 orc wizards (D:4)
  2 gnolls (D:2)
  3 adders
  An ooze (D:2)
  A worm (D:4)
  An adder skeleton (D:4)
  A giant gecko (D:1)
  3 orcs (D:4)
  6 bats
  4 giant cockroaches
  5 goblins
  5 hobgoblins
  2 jackals (D:1)
  4 giant newts
  8 kobolds
  5 rats
53 creatures vanquished.

Notes
Turn   | Place    | Note
--------------------------------------------------------------
     0 | Abyss:1  | Borgoz the Ghoul Abyssal Knight began the quest for the Orb.
     0 | Abyss:1  | Reached XP level 1. HP: 19/19 MP: 1/1
     8 | Abyss:1  | Found a corrupted altar of Lugonu.
    31 | Abyss:1  | Noticed an iron imp
    32 | D:1      | Escaped the Abyss
    49 | D:1      | Reached skill level 1 in Dodging
    86 | D:1      | Reached * piety under Lugonu
   104 | D:1      | Reached XP level 2. HP: 23/26 MP: 2/2
   331 | D:1      | Reached XP level 3. HP: 25/31 MP: 3/3
   851 | D:2      | Found an iron altar of Okawaru.
   869 | D:2      | Reached ** piety under Lugonu
   880 | D:2      | Reached XP level 4. HP: 13/38 MP: 4/4
  1167 | D:2      | Found a radiant altar of Vehumet.
  1465 | D:3      | Noticed st0uf's ghost (amateur TeFi)
  1706 | D:4      | Reached XP level 5. HP: 43/46 MP: 5/5
  1718 | D:4      | Reached skill level 4 in Fighting
  1890 | D:4      | Noticed Azzok's ghost (amateur DEFE)
  1921 | D:3      | Reached skill level 7 in Fighting
  1921 | D:3      | Reached XP level 6. HP: 13/61 MP: 6/6
  1921 | D:3      | HP: 3/61 [st0uf's ghost (10)]
  1923 | D:3      | Slain by st0uf's ghost

Vault maps used:
D:1:      tarquinn_simple_flora_water_b
D:2:      vehumet_crystals, okawaru_altar_gauntlet_db
D:3:      overflow_temple_1_default, uniq_jessica, uniq_sigmund
D:4:      gammafunk_temple_overflow_elements, serial_forest,
          infiniplex_forest_straight_5, infiniplex_forest_clump_small,
          infiniplex_forest_lined_corner, infiniplex_forest_lined_corner,
          infiniplex_forest_end_2, infiniplex_forest_clump_curved,
          infiniplex_forest_clump_curved, hangedman_decor_slide_cut,
          hangedman_decor_clover_reticule, minmay_misc_feat_ornament

Action                   |  1- 3 |  4- 6 || total
-------------------------+-------+-------++-------
Melee: Hand axe          |   112 |   106 ||   218
Invok: Depart the Abyss  |     1 |       ||     1
  Use: Potion            |       |     7 ||     7
  Eat: Chunk             |     3 |    11 ||    14
